 Dungeon Crawl Stone Soup version 0.18.1-50-g88ac8fd (webtiles) character file.

9212 Chiseanne the Fighter (level 11, -4/97 HPs)
             Began as a Centaur Air Elementalist on Oct 8, 2016.
             Was an Initiate of Gozag.
             Slain by a six-headed hydra (6 damage)
             ... on level 11 of the Dungeon.
             The game lasted 00:49:42 (16129 turns).

Chiseanne the Fighter (Centaur Air Elementalist)   Turns: 16129, Time: 00:49:43

Health: -4/97      AC:  8    Str: 10    XL:     11   Next: 20%
Magic:  28/31      EV: 12    Int: 17    God:    Gozag
Gold:   150        SH:  0    Dex: 11    Spells: 2 memorised, 21 levels left

rFire  + . .     SeeInvis .     a - staff of air
rCold  . . .     Gourm    .     e - +0 robe
rNeg   . . .     Faith    .     (no shield)
rPois  .         Spirit   .     J - +2 hat
rElec  +         Dismiss  .     j - +1 cloak
rCorr  .         Reflect  .     (no gloves)
SustAt .         Harm     .     (no barding)
MR     .....                    F - amulet of regeneration
Stlth  +.........               g - ring of magical power
                                C - ring of protection from fire

@: very quick, not resistant to hostile enchantments, very unstealthy
A: hooves 3, deformed body, speed 2, tough skin 3
a: Potion Petition, Call Merchant, Bribe Branch, Renounce Religion


You were on level 11 of the Dungeon.
You worshipped Gozag.
Gozag was noncommittal.
You were very full.

You visited 2 branches of the dungeon, and saw 12 of its levels.

You collected 1665 gold pieces.
You spent 884 gold pieces at shops.
You paid 631 gold pieces to Gozag.

Inventory:

Hand Weapons
 d - the +10 hand axe of Absolution {venom, MP+9 Stlth+}
   (You bought it in a shop on level 10 of the Dungeon)

   It poisons the flesh of those it strikes.
   It affects your magic capacity (+9).
   It makes you more stealthy.
 s - a +6 dagger of electrocution
Missiles
 h - 54 sling bullets
 l - 76 bolts
 m - 39 poisoned needles
 n - 178 arrows
 t - a throwing net
 u - 2 tomahawks (quivered)
 y - 227 stones
Armour
 e - a +0 robe (worn)
 j - a +1 cloak (worn)
 J - a +2 hat (worn)
Magical Staves
 a - an uncursed staff of air (weapon)
Jewellery
 g - a ring of magical power (right hand)
 p - an uncursed ring of magical power
 C - a ring of protection from fire (left hand)
 F - an amulet of regeneration (around neck)
Wands
 x - a wand of paralysis (6/24)
 A - a wand of confusion (22/48)
 D - a wand of teleportation (1/9)
 E - a wand of confusion (13/48)
Scrolls
 k - 2 scrolls of immolation
 v - a scroll of recharging
 B - 2 scrolls of magic mapping
 G - 2 scrolls of remove curse
Potions
 f - 3 potions of heal wounds
 i - a potion of cure mutation
 q - a potion of agility
 w - 2 potions of brilliance
 z - a potion of resistance
 H - a potion of might
Books
 b - a book of Air

   Spells                             Type                      Level
   a - Shock                          Conjuration/Air              1
   b - Swiftness                      Charms/Air                   2
   c - Repel Missiles                 Charms/Air                   2
   d - Static Discharge               Conjuration/Air              3
   e - Lightning Bolt                 Conjuration/Air              5
Comestibles
 c - 10 bread rations
 o - 5 meat rations
 r - a royal jelly


   Skills:
 * Level 9.6 Fighting
 * Level 5.7 Dodging
 - Level 1.2 Stealth
 * Level 7.5 Spellcasting
 - Level 5.5 Conjurations
 - Level 6.2 Air Magic


You had 21 spell levels left.
You knew the following spells:

 Your Spells              Type           Power        Failure   Level  Hunger
a - Shock                 Conj/Air       ####         1%          1    None
b - Static Discharge      Conj/Air       #####...     3%          3    ##.....


Dungeon Overview and Level Annotations

Branches:
Dungeon (11/15)            Temple (1/1) D:7            Lair (0/8) D:8
    Orc (0/2) D:9

Altars:
Ashenzari
Cheibriados
Dithmenos
Fedhas
Gozag
Kikubaaqudgha
Pakellas
Qazlal
Trog
Vehumet
Zin
The Shining One

Shops:
D:4 =   D:10 (

Annotations:
D:2 exclusion: downstairs
D:5 HopefulHyena's ghost, novice MiAK
D:6 feelmyfire's ghost, novice GrFi
D:9 HopefulHyena's ghost, novice MiGl


Innate Abilities, Weirdness & Mutations

You have hooves in place of feet.
Armour fits poorly on your strangely shaped body.
You cover ground very quickly.
You have extremely tough skin (AC +3).


Message History

Aim: a six-headed hydra (moderately wounded)
You feel a surge of power!
The zap hits the six-headed hydra.
The six-headed hydra is heavily wounded.
The sky beast hits you but does no damage.
The six-headed hydra bites you.
* * * LOW HITPOINT WARNING * * *
The six-headed hydra bites you but does no damage. x2
The six-headed hydra bites you.
* * * LOW HITPOINT WARNING * * *
The six-headed hydra barely misses you. The six-headed hydra bites you!
* * * LOW HITPOINT WARNING * * *
You hit the sky beast. You kick the sky beast.
The sky beast is moderately wounded.
The sky beast hits you.
* * * LOW HITPOINT WARNING * * *
The sky beast shocks you. You resist.
* * * LOW HITPOINT WARNING * * *
The six-headed hydra bites you.
You die...
Your body crumbles into a pile of gold.

###########################
.........................)#
#.......................#
#.......................#
#..<...))...............#
#.....))................#
######.....).).Y@D...........#
.............................#
.......#######################
####...# #...# #.).# ####...#
..))...############
...)...............


You could see a six-headed hydra and a sky beast.

Vanquished Creatures
  Gastronok (D:9)
  4 trolls
  Grinder (D:5)
  A wraith (D:8)
  A basilisk (D:8)
  2 hippogriffs
  Menkaure (D:6)
  5 orc warriors
  3 ice beasts
  4 sky beasts
  2 phantoms
  A necrophage (D:8)
  4 black bears
  7 ogres
  3 centaurs
  4 big kobolds
  3 gnoll sergeants (D:9)
  4 giant frogs
  A wyvern zombie (D:10)
  A wyvern skeleton (D:10)
  2 scorpions (D:4)
  7 killer bees (D:10)
  15 wights
  A giant frog zombie (D:5)
  5 crimson imps
  5 hounds
  A centaur skeleton (D:9)
  2 centaur zombies
  9 orc wizards
  Crazy Yiuf (D:6)
  2 orc priests
  3 jellies (D:8)
  2 iguanas
  7 worker ants
  A hound skeleton (D:7)
  2 worker ant zombies
  9 adders
  20 gnolls
  A howler monkey skeleton (D:4)
  2 shadow imps
  7 oozes
  2 worms
  4 dart slugs
  5 giant geckos
  30 orcs
  2 ball pythons
  9 bats
  4 giant cockroaches
  11 goblins
  5 hobgoblins
  14 jackals
  5 quokkas
  2 giant gecko skeletons
  3 giant newts
  10 kobolds
  A quokka skeleton (D:9)
  9 rats
273 creatures vanquished.

Notes
Turn   | Place    | Note
--------------------------------------------------------------
     0 | D:1      | Chiseanne the Centaur Air Elementalist began the quest for the Orb.
     0 | D:1      | Reached XP level 1. HP: 14/14 MP: 3/3
   129 | D:1      | Reached skill level 1 in Conjurations
   237 | D:1      | Reached XP level 2. HP: 20/20 MP: 4/4
   414 | D:1      | You fall through a shaft!
   954 | D:1      | Reached skill level 1 in Fighting
  1190 | D:1      | Reached XP level 3. HP: 24/28 MP: 1/6
  2149 | D:2      | Reached XP level 4. HP: 33/36 MP: 0/7
  2425 | D:2      | Found a glowing golden altar of the Shining One.
  3322 | D:3      | Reached skill level 2 in Fighting
  3626 | D:3      | Noticed a centaur
  3640 | D:3      | Killed a centaur
  3640 | D:3      | Reached XP level 5. HP: 12/42 MP: 8/8
  4606 | D:4      | Reached XP level 6. HP: 21/50 MP: 3/10
  4832 | D:4      | Learned a level 3 spell: Static Discharge
  4912 | D:4      | Reached skill level 3 in Fighting
  5745 | D:4      | Reached XP level 7. HP: 57/57 MP: 11/11
  5885 | D:4      | Found Cidiotol's Jewellery Shoppe.
  6710 | D:5      | Entered Level 5 of the Dungeon
  6990 | D:5      | Noticed Grinder
  7005 | D:5      | Killed Grinder
  7005 | D:5      | Reached skill level 4 in Fighting
  7196 | D:5      | Noticed HopefulHyena's ghost (novice MiAK)
  7201 | D:5      | Reached skill level 5 in Air Magic
  7425 | D:6      | Noticed feelmyfire's ghost (novice GrFi)
  7434 | D:6      | Noticed Menkaure
  7485 | D:6      | Reached XP level 8. HP: 59/67 MP: 6/13
  7762 | D:6      | Killed Menkaure
  7972 | D:6      | Reached skill level 5 in Fighting
  8498 | D:6      | Reached skill level 5 in Conjurations
  8824 | D:6      | Noticed Crazy Yiuf
  8838 | D:6      | Killed Crazy Yiuf
  9132 | D:7      | Found a staircase to the Ecumenical Temple.
  9186 | Temple   | Entered the Ecumenical Temple
  9223 | Temple   | Became a worshipper of Gozag Ym Sagoz the Greedy
  9259 | D:7      | Reached XP level 9. HP: 61/75 MP: 16/16
  9517 | D:7      | Reached skill level 6 in Fighting
 10093 | D:4      | Bought an uncursed amulet of regeneration for 420 gold pieces
 10181 | D:8      | Found a shattered altar of Ashenzari.
 10193 | D:8      | Found a glowing silver altar of Zin.
 10496 | D:8      | Reached skill level 5 in Spellcasting
 10520 | D:8      | Found a staircase to the Lair.
 10946 | D:8      | Reached skill level 7 in Fighting
 11612 | D:9      | Found a staircase to the Orcish Mines.
 11612 | D:9      | Noticed a troll
 11785 | D:9      | Noticed HopefulHyena's ghost (novice MiGl)
 11922 | D:9      | Reached XP level 10. HP: 54/86 MP: 18/18
 12052 | D:9      | Noticed Gastronok
 12075 | D:9      | Killed Gastronok
 12075 | D:9      | Reached skill level 8 in Fighting
 13315 | D:9      | Reached skill level 5 in Dodging
 13340 | D:9      | Reached skill level 9 in Fighting
 13858 | D:9      | Noticed a death knight
 14089 | D:10     | Entered Level 10 of the Dungeon
 14668 | D:10     | Reached XP level 11. HP: 97/97 MP: 15/21
 14768 | D:10     | Bought a steaming hand axe for 232 gold pieces
 14769 | D:10     | Identified the +10 hand axe of Absolution {venom, MP+9 Stlth+} (You bought it in a shop on level 10 of the Dungeon)
 15507 | D:10     | Bought a transparent falchion for 232 gold pieces
 15507 | D:10     | Identified the +1 falchion of Quantum Leap {vamp, Fragile rPois Dex+3 SInv} (You bought it in a shop on level 10 of the Dungeon)
 16067 | D:11     | Noticed a six-headed hydra
 16129 | D:11     | HP: 4/97 [sky beast (4)]
 16129 | D:11     | Slain by a six-headed hydra

Skill      XL: |  1  2  3  4  5  6  7  8  9 10 |
---------------+-------------------------------+-----
Conjurations   | 1 2 3 4 5 |  5.5
Air Magic      | 3 4 5 6 |  6.2
Spellcasting   | 2 3 4 5 7 |  7.5
Fighting       | 1 2 3 4 5 7 9 |  9.6
Dodging        | 3 5 |  5.7
Stealth        | |  1.2

Action                   |  1- 3 |  4- 6 |  7- 9 | 10-12 || total
-------------------------+-------+-------+-------+-------++-------
Melee: Dagger            |    63 |    35 |    36 |    20 ||   154
       Kick              |     8 |     5 |     9 |    10 ||    32
       Unarmed           |     1 |       |       |       ||     1
       Staff             |       |       |     3 |     9 ||    12
       Hand axe          |       |       |       |    26 ||    26
 Cast: Shock             |    82 |   142 |   311 |   213 ||   748
       Static Discharge  |       |     9 |    50 |    70 ||   129
Invok: Call Merchant     |       |       |       |     1 ||     1
Evoke: Wand              |       |       |    19 |    14 ||    33
  Use: Scroll            |     7 |     5 |    11 |     8 ||    31
       Potion            |     1 |     1 |       |       ||     2
 Stab: Paralysed         |       |       |     7 |    10 ||    17
       Confused          |       |       |     1 |       ||     1
  Eat: Chunk             |     5 |    12 |    12 |       ||    29
       Fruit             |       |       |    10 |       ||    10
       Royal jelly       |       |       |     1 |     8 ||     9
       Pizza             |       |       |     1 |       ||     1
Armor: Robe              |    38 |    38 |    54 |    76 ||   206
Dodge: Dodged            |    43 |    46 |    75 |   118 ||   282
